 Dungeon Crawl Stone Soup version 0.28-a0-998-gb9e9c7b67e (webtiles) character file.

Game seed: 1523931214342701155

163 DrunkBamboolord the Cudgeller (level 5, -6/34 HPs)
             Began as an Octopode Wanderer on Dec 6, 2021.
             Mangled by an ice beast (11 damage)
             ... on level 4 of the Dungeon.
             The game lasted 00:04:50 (3515 turns).

DrunkBamboolord the Cudgeller (Octopode Wanderer)   Turns: 3515, Time: 00:04:50

Health: -6/34      AC:  1    Str: 11    XL:     5   Next: 44%
Magic:  5/5        EV: 28    Int: 15    God:
Gold:   195        SH:  0    Dex: 13    Spells: 4/4 levels left

rFire   . . .      SeeInvis .   a - +2 mace
rCold   . . .      Faith    .   (no shield)
rNeg    . . .      Spirit   .   (helmet restricted)
rPois   .          Reflect  .   d - amulet of the acrobat
rElec   .          Harm     .   (no ring)
rCorr   .          Rampage  .   (no ring)
Will    .....                   (no ring)
Stlth   +++.......              (no ring)
HPRegen 0.11/turn               (no ring)
MPRegen 0.09/turn               (no ring)
                                (no ring)
                                (no ring)

@: about to teleport, acrobatic
A: almost no armour, amphibious, 8 rings, camouflage 1, gelatinous body 1,
(nimble swimmer 1), tentacles
a: no special abilities


You were on level 4 of the Dungeon.
You visited 1 branch of the dungeon, and saw 4 of its levels.

You collected 195 gold pieces.

Inventory:

Hand Weapons
 a - a +2 mace (weapon)
 b - a +0 hand axe
Missiles
 l - 5 atropa-tipped darts (quivered)
Jewellery
 d - an amulet of the acrobat (around mantle)
Scrolls
 e - a scroll of torment
 m - a scroll of amnesia {unknown}
Potions
 f - 2 potions of invisibility {unknown}
 g - 2 potions of curing
 h - a potion of lignification {unknown}
 i - 2 potions of berserk rage {unknown}
 j - a potion of heal wounds {unknown}
 k - a potion of degeneration {unknown}


   Skills:
 * Level 2.1 Fighting
 * Level 6.3 Maces & Flails
 - Level 1.0(4.0) Staves
 * Level 2.0 Dodging
 + Level 3.1 Stealth
 + Level 1.0 Shields


You had 4 spell levels left.
You didn't know any spells.
Your spell library contained the following spells:

 Spells                   Type           Power      Damage    Failure   Level
 Magic Dart               Conj           0%         1d3       26%         1
 Shock                    Conj/Air       0%         1d3       26%         1
 Call Imp                 Summ           0%         N/A       38%         2
 Mephitic Cloud           Conj/Pois/Air  0%         N/A       63%         3
 Swiftness                Air            0%         N/A       63%         3
 Airstrike                Air            0%         N/A       95%         4


Dungeon Overview and Level Annotations

Branches:
Dungeon (4/15)
 Temple: D:4-7

Altars:
Sif Muna

Annotations:
D:3 2 runed translucent doors, fly's ghost, weakling FoDe


Innate Abilities, Weirdness & Mutations

You cannot wear most types of armour.
You are amphibious.
You can wear up to eight rings at the same time.
Your skin changes colour to match your surroundings (Stealth+).
Your rubbery body absorbs attacks. (AC +1, EV +1)
((You are camouflaged near water. (Stealth+)))
You have tentacles for arms and can constrict up to eight enemies at once.


Message History

You see here 15 stones.
There is an open door here.
You open the door.
Found 15 stones.
Found a stone staircase leading down.
There is an open door here.
Found 18 arrows.
You open the door.
There is an open door here.
f - 2 coppery potions (gained 1)
Found a leather armour.
Found a stone staircase leading down.
There is a stone staircase leading down here.
You open the door.
Found 14 arrows.
There is an open door here.
Found a flail.
There is an open door here.
You now have 176 gold pieces (gained 5).
You open the door.
There is an open door here.
Found a shimmering blue altar of Sif Muna.
No target in view!
You now have 195 gold pieces (gained 19).
As you open the door, it creaks loudly!
An ice beast comes into view.
Found a leather armour.
You sock the ice beast!
You squeeze the ice beast, but do no damage.
The ice beast is moderately wounded.
The ice beast hits you. The ice beast freezes you!
You closely miss the ice beast.
The ice beast is moderately wounded.
The ice beast hits you. The ice beast freezes you!
* * * LOW HITPOINT WARNING * * *
There is an open door here.
As you read the scroll of teleportation, it crumbles to dust.
You feel strangely unstable. The ice beast completely misses you.
The ice beast hits you.
* * * LOW HITPOINT WARNING * * *
The ice beast freezes you!
You die...

#..♣........#....# #..
#..♣........#....# #...
#..♣.#..##..##..##
#...##+###...#####..##..#
................#.......#
...........#....#....>..#
...........#....#.......#
...........#....#...(...#
......†....#..@.#.......#
..............Y.+.......#
.............<..##.############
##..###...#.....##'#...........
## #<..##.......#...........
#....#.......#...........
#....+.......#...........
#....#.......#...........
#...##.......#...........


You could see an ice beast.

Vanquished Creatures
  A bullfrog skeleton (D:4)
  An orc priest (D:3)
  A scorpion zombie (D:3)
  A gnoll (D:1)
  An adder (D:3)
  A worm (D:4)
  5 orcs
  5 bats
  3 endoplasms
  2 giant cockroaches
  4 goblins
  4 hobgoblins
  2 jackals (D:1)
  6 kobolds
  6 quokkas
  6 ball pythons
  5 frilled lizards
  3 rats
57 creatures vanquished.

Notes
Turn   | Place    | Note
-------+----------+-------------------------------------------
     0 | D:1      | DrunkBamboolord the Octopode Wanderer began the quest for
                  | the Orb.
     0 | D:1      | DrunkBamboolord set off with the following items: a +2
                  | mace, a +0 hand axe, a scroll of teleportation
     0 | D:1      | Reached XP level 1. HP: 13/13 MP: 1/1
   260 | D:1      | Reached XP level 2. HP: 18/18 MP: 2/2
   734 | D:1      | Reached XP level 3. HP: 13/23 MP: 3/3
  1862 | D:3      | Reached XP level 4. HP: 16/29 MP: 4/4
  2046 | D:3      | Found a large runed translucent door.
  2046 | D:3      | Found a large runed translucent door.
  2046 | D:3      | Noticed fly's ghost (weakling FoDe)
  2151 | D:2      | Reached skill level 6 in Maces & Flails
  3011 | D:3      | Reached XP level 5. HP: 30/34 MP: 5/5
  3474 | D:4      | Found a shimmering blue altar of Sif Muna.
  3486 | D:4      | Noticed an ice beast
  3515 | D:4      | Mangled by an ice beast

Illustrated notes

Levels and vault maps discovered:
D:1:      beargit_arrival_greenhouse, layout_rooms
D:2:      layout_rooms
D:3:      layout_loops_ring, ebering_ghost_disaster_area, minmay_pentomino_pile
D:4:      layout_gridville, mainiacjoe_overflow_boulevard,
          minmay_temple_entry_purple_smoke, uniq_natasha

Skill      XL: |  1  2  3  4  5 |
---------------+----------------+-----
Stealth        | 2 3 |  3.1
Maces & Flails | 6 |  6.3
Fighting       | 2 |  2.1
Dodging        | 2 |  2.0
Staves         | |  1.0
Shields        | |  1.0

Action                   |  1- 3 |  4- 6 || total
-------------------------+-------+-------++-------
Melee: Mace              |    70 |    59 ||   129
       Tentacles         |    13 |     8 ||    21
       Constrict         |    11 |    13 ||    24
  Use: Scroll            |     3 |     2 ||     5
 Stab: Sleeping          |     6 |    10 ||    16
Armor: Skin              |     5 |     4 ||     9
Dodge: Dodged            |    49 |    44 ||    93

Table legend: (Time is in decaauts)
 A = Elapsed time spent in this place.
 B = Non-inter-level travel time spent in this place.
 C = Inter-level travel time spent in this place.
 D = Time resting spent in this place.
 E = Time spent auto-exploring this place.
 F = Levels seen in this place.
 G = Mean time per level.
                   A        B        C        D        E       F      G
               +--------+--------+--------+--------+--------+-----+--------+
         Total |   3533 |   3489 |     44 |    609 |   2368 |   4 |  883.2 |
       Dungeon |   3533 |   3489 |     44 |    609 |   2368 |   4 |  883.2 |
               +--------+--------+--------+--------+--------+-----+--------+

Top non-repeatable levels by time:
     D:2: 1281 daAuts
     D:1: 997 daAuts
     D:3: 915 daAuts
     D:4: 339 daAuts
